AoeStats
← WilliamWallace

Arabia

509522358Analyzed
1v1 RM · 4d ago on Sep 27, 2026· 20m 6s· 2 players
Game mode
Random Map
Map size
Tiny (2 player)
Population
200
Speed
Normal
Resources
Standard
Victory
Conquest
Starting age
Dark Age
Ending age
Imperial Age
RankedLock teamsTeams togetherTeam positionsShared explorationLock speedFull tech treeHidden civsTurbo modeCheats
Victory
Defeat
🇺🇸 Magyars · United States
1202
+14
🇨🇱 Gurjaras · Chile
1153
-14
WilliamWallace
7:53 Loom
10:06 Feudal Age
11:01 Double-Bit Axe
11:23 Horse Collar
Toast
8:38 Feudal Age
11:32 Bloodlines
17:01 Horse Collar
19:06 Scale Barding Armor
Connection lost

Rejoining the realm…

Still unreachable

The connection could not be restored.

Session expired

The server has moved on; the page needs a fresh start.